 Dungeon Crawl Stone Soup version 0.31.0-11-ge490571c62 (webtiles) character file.

Game seed: 9241167759165104011

22 Arcadio the Chiller (level 2, -2/20 (22) HPs)
             Began as a Naga Ice Elementalist on Jan 29, 2024.
             Slain by a wight
             ... wielding a +3 hand axe
              (3 damage)
             ... on level 4 of the Dungeon.
             The game lasted 00:02:05 (938 turns).

Arcadio the Chiller (Naga Ice Elementalist)          Turns: 938, Time: 00:02:06

HP:   -2/20 (22)    AC:  1    Str: 10    XL:     2   Next: 91%
MP:   4/5           EV:  9    Int: 15    God:
Gold: 67            SH:  0    Dex: 11    Spells: 5/6 levels left

rFire   . . .        c - +0 dagger (elec)
rCold   . . .        (no shield)
rNeg    . . .        a - +0 robe
rPois   +            (no helmet)
rElec   .            (no cloak)
rCorr   .            (no gloves)
SInv    +            (no barding)
Will    .....        (no amulet)
Stlth   ++           (no ring)
HPRegen 0.23/turn    (no ring)
MPRegen 0.09/turn

%: no passive effects
@: drained, very slow
A: AC +0, large, see invisible, deformed body, poison resistance, slowness 2,
spit poison 1, naga tail 1
a: Spit Poison


You were on level 4 of the Dungeon.
You visited 1 branch of the dungeon, and saw 4 of its levels.

You collected 67 gold pieces.

Inventory:

Hand Weapons
 c - a +0 dagger of electrocution (weapon)
Missiles
 i - 4 atropa-tipped darts
Armour
 a - a +0 robe (worn)
Scrolls
 f - 2 scrolls of brand weapon
 g - a scroll of enchant armour {unknown}
 h - 2 scrolls of amnesia {unknown}
 j - 2 scrolls of identify {unknown}
Potions
 b - a potion of magic
 d - a potion of mutation {unknown}
 e - a potion of haste {unknown}


   Skills:
 - Level 1.5 Dodging
 - Level 3.0 Stealth
 + Level 2.6 Spellcasting
 + Level 4.4 Ice Magic


You had 5 spell levels left.
You knew the following spells:

 Your Spells              Type           Power      Damage    Failure   Level
a - Freeze                Ice            60%        1d7       3%          1

Your spell library contained the following spells:

 Spells                   Type           Power      Damage    Failure   Level
 Frozen Ramparts          Ice            30%        1d5       10%         3
 Ozocubu's Armour         Ice            15%        N/A       10%         3
 Hailstorm                Conj/Ice       8%         3d5       26%         3
 Summon Ice Beast         Ice/Summ       8%         N/A       26%         3


Dungeon Overview and Level Annotations

Branches:
Dungeon (4/15)
 Temple: D:4-7

Altars:


Innate Abilities, Weirdness & Mutations

Your serpentine skin is tough. (AC +0)
You have supernaturally acute eyesight. (SInv)
Armour fits poorly on your strangely shaped body.
Your system is resistant to poisons. (rPois)
You cover ground very slowly.
You can spit poison.
You have a snake-like lower body.


Message History

Aim: an endoplasm (asleep, 100% to hit)
The splash of poison hits the endoplasm.
The endoplasm completely resists.
The endoplasm jiggles.
Casting: Freeze (safe; 3% risk of failure)
Confirm with . or Enter, or press ? or * to list all spells.
Okay, then.
Casting: Freeze (safe; 3% risk of failure)
Confirm with . or Enter, or press ? or * to list all spells.
Aiming: Freeze (safe; 3% risk of failure)
Press: ? - help, Shift-Dir - straight line, f/p - endoplasm
Aim: an endoplasm You freeze the endoplasm!
You kill the endoplasm!
Okay, then.
You have got your breath back.
A giant cockroach comes into view.
There is a stone staircase leading up here.
You climb upwards.
There is a stone staircase leading down here.
The wight completely misses you.
You climb downwards.
There is a stone staircase leading up here.
You aren't carrying any items that you can evoke.
Unknown command.
Casting: Freeze (safe; 3% risk of failure)
Confirm with . or Enter, or press ? or * to list all spells.
Aiming: Freeze (safe; 3% risk of failure)
Press: ? - help, Shift-Dir - straight line, f - wight
Aim: a wight, wielding a +3 hand axe and wearing a +0 robe You freeze the wight.
The wight resists.
The wight is lightly damaged.
The wight hits you with a +3 hand axe!
Ouch! That really hurt!
You hit the wight but do no damage.
The wight is lightly damaged.
The wight hits you with a +3 hand axe!
* * * LOW HITPOINT WARNING * * *
You feel drained.
You die...

#. #.....#.#... ... .##. #.
#(.#.#.# ...# ....##.
#.....# ..## #....###..#..##
#..## #............#
##...#####
#.##.##......####.........
#..<.##...................
##............###.........
#.#..#..@....####.....#..
#.#.....z............#...
#.###......###..#####..#.
#.####.#...#..<## .## # #..#
#.#......#####. ## #
########.###.#....#.......
###...>##......[............
........>...................
###......#..#####.#.#.......


You could see a wight.

Vanquished Creatures
  A dart slug (D:1)
  A bat (D:1)
  3 endoplasms
  A giant cockroach (D:1)
  A goblin (D:1)
  2 hobgoblins (D:1)
  A quokka (D:1)
  A frilled lizard (D:1)
  5 kobolds
  3 rats (D:1)
19 creatures vanquished.

Notes
Turn   | Place    | Note
-------+----------+-------------------------------------------
     0 | D:1      | Arcadio the Naga Ice Elementalist began the quest for the
                  | Orb.
     0 | D:1      | Reached XP level 1. HP: 15/15 MP: 3/3
   268 | D:1      | Reached XP level 2. HP: 22/22 MP: 5/5
   825 | D:2      | You fall into a shaft and drop 2 floors!
   934 | D:3      | Noticed a wight
   934 | D:3      | Noticed a wight
   934 | D:3      | Noticed a wight
   938 | D:4      | HP: 1/22 [wight/+3 hand axe (10)]
   938 | D:4      | Slain by a wight

Illustrated notes

Levels and vault maps discovered:
D:1:      minmay_arrival_jagged, layout_loops_cross
D:2:      layout_rooms, uniq_crazy_yiuf_cottage, uniq_natasha
D:3:      cheibrodos_thug_alley, layout_loops_cross,
          grunt_temple_overflow_lords_of_destruction,
          ebering_ecumenical_altar_abandoned
D:4:      layout_rooms, minmay_overflow_temple_star_hex,
          grunt_temple_overflow_open, minmay_temple_entry_mist

Action                     || total
---------------------------++-------
  Melee: Dagger            ||    23
   Cast: Freeze            ||    19
Ability: Spit Poison       ||     3
    Use: Scroll            ||     1
   Stab: Sleeping          ||     1
 Armour: Robe              ||    23
  Dodge: Dodged            ||    22
